cohdb
Replays
Latest Replays
All Replays
Popular Replays
Top Player Replays
Match Explorer
How It Works
Community
CoH3 Stats
Reddit
Sign in to upload your games and track your stats! →
Sign in with Steam
Match 42836019
Unlisted
Match 42836019
Overview
Messages
Build Orders
End
Vickers Machine Gun Team
Construct Section Command Post
Selects Air and Sea Battlegroup
Dingo Light Scout Car
Infantry Section
Construct Platoon Command Post
Selects Supply Surplus
Construct Resource Cache
Construct Resource Cache
Humber Armored Car
Infantry Section
6-pounder Anti-tank Gun Team
Selects UNKNOWN (223837)
Vickers Machine Gun Team
Team Weapon Training
Infantry Training
Vickers Machine Gun Team
Construct Company Command Post
Unlock M3 Grant Medium Tanks
Construct Resource Cache
M3 Grant Medium Tank
Armored Vehicle Training
Construct Resource Cache
Unlock Towed 17-pounder Anti-tank Guns
Selects Naval Bombardment
Naval Bombardment
17-pounder Anti-tank Gun Team
Selects Commando Section Paradrop
RintFosk
Tenryu
Westbank KMBK
Jarkke
Setti-Veke
ViiKumi
0
0
Comments
sign in to comment!
No comments posted yet!